 Dungeon Crawl Stone Soup version 0.30-a0-782-ge64f9170bb (webtiles) character file.

Game seed: 1375099234121093964

42 Jane the Shooter (level 3, -1/35 HPs)
             Began as a Troll Hunter on Feb 20, 2023.
             Succumbed to an adder's poison
             ... on level 2 of the Dungeon.
             The game lasted 00:11:57 (1658 turns).

Jane the Shooter (Troll Hunter)                     Turns: 1658, Time: 00:11:58

Health: -1/35      AC:  4    Str: 19    XL:     3   Next: 35%
Magic:  2/2        EV: 10    Int:  5    God:
Gold:   106        SH:  0    Dex: 15    Spells: 2/2 levels left

rFire   . . .      SeeInvis .    a - +0 shortbow
rCold   . . .      Faith    .    (shield currently unavailable)
rNeg    . . .      Spirit   .    c - +0 robe
rPois   .          Reflect  .    (helmet restricted)
rElec   .          Harm     .    (no cloak)
rCorr   .          Rampage  .    (gloves unavailable)
Will    .....                    (boots unavailable)
Stlth   +                        (no amulet)
HPRegen 1.05/turn                (no ring)
MPRegen 0.08/turn                (no ring)

@: lethally poisoned (-1 -> -4), on berserk cooldown, slowed, very slow
A: large, unfitting armour, claws 3, regeneration 1, shaggy fur 1, tough skin 1
a: no special abilities


You were on level 2 of the Dungeon.
You visited 1 branch of the dungeon, and saw 3 of its levels.

You collected 106 gold pieces.

Inventory:

Hand Weapons
 a - a +0 shortbow (weapon)
Missiles
 i - 4 poisoned darts
 n - 3 boomerangs
Armour
 c - a +0 robe (worn)
Scrolls
 b - a scroll of immolation
 d - a scroll of fog {unknown}
 f - a scroll of teleportation {unknown}
 h - 3 scrolls of identify {unknown}
 k - a scroll of enchant armour {unknown}
Potions
 e - a potion of mutation {unknown}
 g - a potion of might {unknown}
 j - a potion of flight {unknown}
 m - 3 potions of curing {unknown}
 o - a potion of heal wounds {unknown}


   Skills:
 + Level 1.7 Fighting
 + Level 3.4 Ranged Weapons
 + Level 1.7 Dodging
 + Level 0.3 Stealth


You had 2 spell levels left.
You didn't know any spells.
Your spell library was empty.

Dungeon Overview and Level Annotations

Branches:
Dungeon (3/15)

Altars:


Innate Abilities, Weirdness & Mutations

You are too large for most types of armour.
You have claws for hands.
Your natural rate of healing is unusually fast.
You are covered in fur. (AC +1)
You have tough skin. (AC +1)


Message History

* * * LOW HITPOINT WARNING * * *
The giant cockroach bites you but does no damage.
There is a stone staircase leading up here.
The adder barely misses you. The giant cockroach closely misses you.
The adder barely misses you. The giant cockroach bites you.
* * * LOW HITPOINT WARNING * * *
You climb upwards.
There is a stone staircase leading down here.
You shoot an arrow. The arrow hits the giant cockroach.
The giant cockroach is severely wounded.
The adder closely misses you. The giant cockroach closely misses you.
The adder barely misses you.
The giant cockroach bites you but does no damage.
You shoot an arrow.
The arrow barely misses the giant cockroach.
The adder bites you.
The giant cockroach bites you but does no damage.
The adder bites you.
* * * LOW HITPOINT WARNING * * *
You are poisoned.
The adder poisons you! The giant cockroach closely misses you.
The adder bites you.
* * * LOW HITPOINT WARNING * * *
The giant cockroach bites you.
* * * LOW HITPOINT WARNING * * *
You shoot an arrow. The arrow hits the giant cockroach!
You kill the giant cockroach!
You feel very sick. The adder bites you.
* * * LOW HITPOINT WARNING * * *
The adder bites you.
* * * LOW HITPOINT WARNING * * *
The adder bites you but does no damage.
You feel sick. The adder bites you.
* * * LOW HITPOINT WARNING * * *
You are more poisoned.
The adder poisons you! The adder bites you but does no damage.
You shoot an arrow. The arrow hits the adder.
The adder is almost dead.
You die...

#.# #.# #.###.# #.....#
#.###.# #.# #.# ########.#
#.# .......<.###.#####
................>###########
....########....@S.........#
###.# #####.#########.#
###.### ######.#.#....# #.#
......# #......#.#.##.# #.#
......# #.####.#.#..#.# #.#
......# #<# #.#.#..#.# #.#
......########...#..#.# #.#
...............#.#.##.# #.#
......#######..#......####.#


You could see an adder.

Vanquished Creatures
  A worm (D:3)
  2 dart slugs
  2 orcs (D:3)
  4 endoplasms
  2 giant cockroaches
  4 hobgoblins
  2 jackals (D:1)
  A quokka (D:1)
  2 ball pythons (D:1)
  2 bats (D:1)
  6 frilled lizards
  A goblin (D:1)
  5 rats
34 creatures vanquished.

Notes
Turn   | Place    | Note
-------+----------+-------------------------------------------
     0 | D:1      | Jane the Troll Hunter began the quest for the Orb.
     0 | D:1      | Reached XP level 1. HP: 19/19 MP: 0/0
   238 | D:1      | Reached skill level 3 in Ranged Weapons
   242 | D:1      | Reached XP level 2. HP: 27/27 MP: 1/1
   832 | D:2      | Found a faded altar of an unknown god.
  1029 | D:2      | Reached XP level 3. HP: 32/33 MP: 2/2
  1657 | D:2      | HP: 1/35 [adder (1)]
  1658 | D:2      | Succumbed to an adder's poison

Illustrated notes

Levels and vault maps discovered:
D:1:      dpeg_arrival_water_temple_mockup, layout_basic
D:2:      layout_basic, shapermc_ecumenical_altar_venn
D:3:      layout_rooms, minmay_overflow_temple_hex

Skill      XL: |  1 |
---------------+----+-----
Ranged Weapons | 3 |  3.4
Fighting       | |  1.7
Dodging        | |  1.7
Stealth        | |  0.3

Action                     || total
---------------------------++-------
   Fire: Shortbow          ||   124
    Use: Scroll            ||     1
         Potion            ||     1
 Armour: Robe              ||    93
  Dodge: Dodged            ||   137

Table legend: (Time is in decaauts)
 A = Elapsed time spent in this place.
 B = Non-inter-level travel time spent in this place.
 C = Inter-level travel time spent in this place.
 D = Time resting spent in this place.
 E = Time spent auto-exploring this place.
 F = Levels seen in this place.
 G = Mean time per level.
                   A        B        C        D        E       F      G
               +--------+--------+--------+--------+--------+-----+--------+
         Total |   1706 |    383 |   1323 |      0 |      0 |   3 |  568.7 |
       Dungeon |   1706 |    383 |   1323 |      0 |      0 |   3 |  568.7 |
               +--------+--------+--------+--------+--------+-----+--------+

Top non-repeatable levels by time:
     D:1: 903 daAuts
     D:2: 702 daAuts
     D:3: 100 daAuts
